 Dungeon Crawl Stone Soup version 0.27-a0-385-g3208abaabc (webtiles) character file.

Game seed: 4294032941811117621

13688 kae the Martial Artist (level 11, -8/84 HPs)
             Began as a Demonspawn Transmuter on Feb 19, 2021.
             Was a Priest of Ru.
             Mangled by a white ugly thing (12 damage)
             ... on level 11 of the Dungeon.
             The game lasted 00:12:25 (15793 turns).

kae the Martial Artist (Demonspawn Transmuter)     Turns: 15793, Time: 00:12:25

Health: -8/84      AC: 14    Str: 19    XL:     11   Next: 78%
Magic:  12/21      EV: 16    Int: 18    God:    Ru [***...]
Gold:   554        SH:  4    Dex: 15    Spells: 10/23 levels left

rFire    . . .     SeeInvis .     - Unarmed
rCold    . . .     Faith    +   (shield currently unavailable)
rNeg     . . .     Spirit   .   y - +2 robe "Niusiapp" {Int+4}
rPois    +         Reflect  .   A - +2 hood of the Assassin {Detection Stab+ Stlth++}
rElec    .         Harm     .   q - +1 cloak
rCorr    .         Rampage  .   (gloves currently unavailable)
Will     .....                  (no boots)
Stlth    +++.......             E - amulet of faith
HPRegen  0.24/turn              u - +6 ring of strength
MPRegen  0.17/turn              w - ring of poison resistance

@: blade hands, no potions, very slightly contaminated, studying Armour
A: horns 2, slimy green scales 1, icemail 1, powered by death 1, inability to
drink while threatened, inability to use devices, condensation shield
a: End Transformation, Renounce Religion, Draw Out Power


You were on level 11 of the Dungeon.
You worshipped Ru.
Ru was most pleased with you.
You had blades for hands.
You visited 2 branches of the dungeon, and saw 12 of its levels.

You collected 554 gold pieces.

Inventory:

Armour
 g - a +2 robe of cold resistance
 q - a +1 cloak (worn)
 y - the +2 robe "Niusiapp" (worn) {Int+4}
   (You found it on level 7 of the Dungeon)

   It affects your intelligence (+4).
 A - the +2 hood of the Assassin (worn) {Detection Stab+ Stlth++}
   (You found it on level 7 of the Dungeon)

   It makes you much more stealthy.
Jewellery
 d - a +4 ring of protection
 p - a +4 ring of evasion
 u - a +6 ring of strength (left scythe-like blade)
 w - a ring of poison resistance (right scythe-like blade)
 E - an amulet of faith (around neck)
Wands
 r - a wand of flame (21)
 s - a wand of paralysis (11)
 z - a wand of mindburst (32)
 B - a wand of polymorph (10)
Scrolls
 e - 3 scrolls of random uselessness
 i - 3 scrolls of enchant weapon
 k - 2 scrolls of teleportation
 o - a scroll of enchant armour
 v - a scroll of amnesia
 x - 3 scrolls of magic mapping
 C - a scroll of identify
Potions
 a - 2 potions of flight
 b - 2 potions of ambrosia
 c - 4 potions of curing
 f - a potion of invisibility
 h - 2 potions of resistance
 j - 3 potions of haste {unknown}
 l - 2 potions of brilliance {unknown}
 m - 4 potions of heal wounds
 n - 2 potions of berserk rage
 t - a potion of might {unknown}
 D - a potion of cancellation


   Skills:
 + Level 7.0 Fighting
 + Level 6.7 Dodging
 * Level 9.5 Unarmed Combat
 + Level 6.6 Spellcasting
 * Level 9.4 Transmutations
 - Level 4.0 Ice Magic
 - Level 2.0 Poison Magic


You had 10 spell levels left.
You knew the following spells:

 Your Spells              Type           Power        Failure   Level
a - Beastly Appendage     Tmut           78%          10%         1
b - Spider Form           Tmut/Pois      13%          26%         3
c - Ice Form              Ice/Tmut       30%          38%         4
d - Blade Hands           Tmut           19%          38%         5

Your spell library contained the following spells:

 Spells                   Type           Power        Failure   Level
 Wereblood                Tmut           39%          11%         2
 Animate Skeleton         Necr           12%          47%         1
 Apportation              Tloc           12%          47%         1
 Corona                   Hex            6%           47%         1
 Magic Dart               Conj           24%          47%         1
 Summon Small Mammal      Summ           24%          47%         1
 Blink                    Tloc           N/A          58%         2
 Call Imp                 Summ           6%           58%         2
 Slow                     Hex            6%           58%         2
 Mephitic Cloud           Conj/Pois/Air  8%           69%         3
 Call Canine Familiar     Summ           6%           75%         3
 Conjure Flame            Conj/Fire      6%           75%         3
 Summon Guardian Golem    Hex/Summ       6%           75%         3
 Summon Ice Beast         Ice/Summ       13%          83%         4
 Summon Lightning Spire   Summ/Air       6%           96%         4
 Bolt of Magma            Conj/Fire/Erth 3%           100%        5
 Iskenderun's Battlesphe  Conj           6%           100%        5
 Iron Shot                Conj/Erth      3%           100%        6
 Orb of Destruction       Conj           3%           100%        7
 Spellforged Servitor     Conj/Summ      3%           100%        7


Dungeon Overview and Level Annotations

Branches:
Dungeon (11/15)            Temple (1/1) D:4            Lair (0/6) D:9
    Orc: D:9-12

Altars:
Ashenzari
Cheibriados
Dithmenos
Elyvilon
Fedhas
Gozag
Hepliaklqana
Kikubaaqudgha
Makhleb
Nemelex Xobeh
Okawaru
Qazlal
Ru
Sif Muna
Trog
Uskayaw
Vehumet
Wu Jian
Xom
Yredelemnul
Zin
The Shining One

Shops:
D:5 :

Annotations:
D:3 2 transporters, PeterLawrence's ghost, amateur MiFi


Innate Abilities, Weirdness & Mutations

You have a pair of horns on your head.
You are partially covered in slimy green scales. (AC +2)
A meltable icy envelope protects you from harm. (AC +4)
You regenerate a little health from kills.
You cannot drink potions while threatened.
You cannot study or use magical devices.
A meltable shield of frost defends you. (SH +4)


Message History

You see here a book of Changes.
You sense a monster nearby.
You now have 554 gold pieces (gained 12).
Found a stone staircase leading up.
Found a scale mail.
C - a scroll of identify You sense a monster nearby.
A white ugly thing comes into view.
A white ugly thing is nearby!
A white ugly thing is nearby!
Casting: Blade Hands (dangerous; 7% risk of failure)
Confirm with . or Enter, or press ? or * to list all spells.
You miscast Blade Hands.
You are very lightly contaminated with residual magic.
Nothing appears to happen.
The white ugly thing barely misses you.
You closely miss the white ugly thing. You headbutt the white ugly thing!
The white ugly thing is lightly wounded.
The white ugly thing kicks you. The white ugly thing freezes you!!
You are too injured to fight recklessly!
You are too injured to fight recklessly!
Casting: Blade Hands (dangerous; 7% risk of failure)
Confirm with . or Enter, or press ? or * to list all spells.
Your hands turn into razor-sharp scythe blades.
You redirect the white ugly thing's attack!
The white ugly thing closely misses itself.
The white ugly thing kicks you. The white ugly thing freezes you!!
You feel threatened and lose the ability to drink potions!
You slash the white ugly thing! You headbutt the white ugly thing!
The white ugly thing is moderately wounded.
You slash the white ugly thing! You headbutt the white ugly thing!
The white ugly thing is severely wounded.
The white ugly thing kicks you!
* * * LOW HITPOINT WARNING * * *
The white ugly thing freezes you!!
* * * LOW HITPOINT WARNING * * *
You slash the white ugly thing!
The white ugly thing is almost dead.
The white ugly thing kicks you!
You die...

..... ..... .## #...#
..# #...###### #.#
#...##...## #.###
#...#.....## #...
##..........####..#
.#..........#.##u.#
.#.............#@.#
.##.##............#
...........[..........#
.##.####..#.....#......
.##<......##...########
.##.......###.##
###.####### ... #.#
.#.#. #.# #.#.#


You could see a white ugly thing.

Vanquished Creatures
  Gastronok (D:9)
  3 two-headed ogres
  A centaur zombie (D:10)
  Joseph (D:7)
  Maggie (D:9)
  A kobold demonologist (D:7)
  A troll (D:9)
  Sigmund (D:3)
  Grum (D:10)
  2 wraiths (D:8)
  9 yaks
  A water moccasin (D:10)
  An orc warrior (D:7)
  6 ice beasts
  A sky beast (D:8)
  9 ogres
  3 wolves (D:10)
  6 centaurs
  A phantom (D:3)
  15 kobold brigands
  5 bullfrogs
  A gnoll sergeant (D:7)
  5 scorpions
  A water moccasin skeleton (D:9)
  13 killer bees
  14 wights
  A howler monkey (D:5)
  A quasit (D:9)
  4 bullfrog zombies
  A gnoll shaman (D:5)
  5 human zombies (D:8)
  5 hounds
  A jelly (D:5)
  2 bullfrog skeletons
  7 orc priests
  Crazy Yiuf (D:4)
  3 iguanas
  A human skeleton (D:8)
  10 worker ants
  8 orc wizards
  A worker ant zombie (D:10)
  7 gnolls
  12 adders
  A shadow imp (D:5)
  A white imp (D:8)
  3 ufetubi
  An ooze (D:4)
  An adder skeleton (D:9)
  2 worms
  2 dart slugs (D:2)
  5 leopard geckos
  41 orcs
  A ball python (D:3)
  10 bats
  11 giant cockroaches
  13 goblins
  4 hobgoblins
  11 jackals
  14 kobolds
  3 quokkas
  8 frilled lizards
  A leopard gecko skeleton (D:5)
  A leopard gecko zombie (D:8)
  2 orc zombies (D:8)
  A quokka skeleton (D:9)
  5 rats
316 creatures vanquished.

Vanquished Creatures (others)
  2 orcs
  5 fungi (D:9)
  5 plants (D:9)
12 creatures vanquished.

Grand Total: 328 creatures vanquished

Notes
Turn   | Place    | Note
-------+----------+-------------------------------------------
     0 | D:1      | kae the Demonspawn Transmuter began the quest for the Orb.
     0 | D:1      | Reached XP level 1. HP: 15/15 MP: 3/3
   353 | D:1      | Gained mutation: A meltable shield of frost defends you.
                  | (SH +4) [demonic ancestry]
   353 | D:1      | Reached XP level 2. HP: 21/21 MP: 3/5
  1132 | D:1      | Mutation became permanent: You have a pair of small horns
                  | on your head. [demonic ancestry]
  1132 | D:1      | Gained mutation: You have a pair of horns on your head.
                  | [demonic ancestry]
  1132 | D:1      | Reached XP level 3. HP: 26/26 MP: 4/6
  1950 | D:2      | Found a glowing golden altar of the Shining One.
  1988 | D:2      | Gained mutation: You have a pair of horns on your head.
                  | [demonic ancestry]
  1988 | D:2      | Reached XP level 4. HP: 4/33 MP: 5/7
  2331 | D:2      | Learned a level 3 spell: Spider Form
  2953 | D:3      | Noticed Sigmund
  3218 | D:3      | Found a sacrificial altar of Ru.
  3477 | D:3      | Killed Sigmund
  3478 | D:3      | Reached XP level 5. HP: 20/39 MP: 5/9
  3478 | D:3      | Reached XP level 6. HP: 23/45 MP: 5/10
  3652 | D:3      | Found a transporter.
  3652 | D:3      | Noticed PeterLawrence's ghost (amateur MiFi)
  4030 | D:3      | Found a transporter.
  4551 | D:4      | Gained mutation: You are partially covered in slimy green
                  | scales. (AC +2) [demonic ancestry]
  4551 | D:4      | Reached XP level 7. HP: 51/51 MP: 7/11
  4712 | D:4      | Found a staircase to the Ecumenical Temple.
  4877 | Temple   | Entered the Ecumenical Temple
  5168 | D:3      | Became a worshipper of Ru the Awakened
  5254 | D:4      | Reached skill level 1 in Poison Magic
  5865 | D:4      | Found a runed translucent door.
  5866 | D:4      | Noticed Crazy Yiuf
  6043 | D:4      | Killed Crazy Yiuf
  6090 | D:5      | Entered Level 5 of the Dungeon
  6546 | D:5      | Reached skill level 5 in Unarmed Combat
  6640 | D:5      | Found a broken altar of Ashenzari.
  6646 | D:5      | Found a hazy altar of Hepliaklqana.
  6651 | D:5      | Found a stormy altar of Qazlal.
  6815 | D:5      | Reached XP level 8. HP: 23/58 MP: 10/13
  7359 | D:5      | Found Vypi's Book Shoppe.
  7919 | D:6      | Reached skill level 5 in Transmutations
  8099 | D:5      | Learned a level 4 spell: Ice Form
  8105 | D:5      | Learned a level 5 spell: Blade Hands
  8424 | D:6      | Found a white marble altar of Elyvilon.
  8732 | D:6      | Found a shadowy altar of Dithmenos.
  8751 | D:7      | Reached skill level 1 in Ice Magic
  9221 | D:7      | Gained mutation: A meltable icy envelope protects you from
                  | harm. (AC +4) [demonic ancestry]
  9221 | D:7      | Reached XP level 9. HP: 53/65 MP: 11/15
  9754 | D:7      | Found the +2 hood of the Assassin {Detection Stab+ Stlth++}
  9968 | D:7      | Got a tattered robe
 10057 | D:7      | Noticed Joseph
 10073 | D:7      | Killed Joseph
 10505 | D:7      | Gained mutation: You cannot drink potions while threatened.
                  | [Ru sacrifice]
 10505 | D:7      | Reached * piety under Ru
 10518 | D:7      | Identified the +2 robe "Niusiapp" {Int+4} (You found it on
                  | level 7 of the Dungeon)
 10992 | D:8      | Noticed a kobold demonologist
 11128 | D:7      | Noticed a soul eater
 11128 | D:7      | Killed a kobold demonologist
 11234 | D:8      | Reached skill level 5 in Fighting
 11244 | D:8      | Reached skill level 5 in Spellcasting
 11355 | D:8      | Reached XP level 10. HP: 56/74 MP: 14/17
 11647 | D:8      | Reached skill level 5 in Dodging
 12182 | D:8      | Found an ancient bone altar of Kikubaaqudgha.
 12672 | D:8      | HP: 4/88 [killer bee (4)]
 13328 | D:9      | Gained mutation: You cannot study or use magical devices.
                  | [Ru sacrifice]
 13328 | D:9      | Reached ** piety under Ru
 13328 | D:9      | Reached *** piety under Ru
 13332 | D:9      | Noticed a two-headed ogre
 13346 | D:9      | Killed a two-headed ogre
 13973 | D:9      | Noticed Gastronok
 14120 | D:9      | Noticed Maggie
 14128 | D:9      | Killed Maggie
 14138 | D:9      | Gained mutation: You regenerate a little health from kills.
                  | [demonic ancestry]
 14138 | D:9      | Reached XP level 11. HP: 74/80 MP: 16/19
 14195 | D:9      | Killed Gastronok
 14372 | D:9      | Found a staircase to the Lair.
 14849 | D:10     | Entered Level 10 of the Dungeon
 14859 | D:10     | Noticed a two-headed ogre
 14866 | D:10     | Killed a two-headed ogre
 14881 | D:10     | Noticed Grum
 14890 | D:10     | Killed Grum
 15003 | D:10     | Noticed a two-headed ogre
 15009 | D:10     | Killed a two-headed ogre
 15785 | D:11     | Noticed a white ugly thing
 15792 | D:11     | HP: 4/84 [white ugly thing (20)]
 15793 | D:11     | Mangled by a white ugly thing

Illustrated notes

Levels and vault maps discovered:
D:1:      ebering_trefoil_twist, layout_basic
D:2:      layout_basic, lemuel_doored_altar, minmay_cupped
D:3:      layout_rooms, lemuel_crystal_altar, gammafunk_ghost_mausoleum,
          uniq_sigmund
D:4:      layout_loops_corners, minmay_temple_entry_waves,
          chequers_serial_rivers_marsh, eino_tiny_chamber,
          uniq_crazy_yiuf_cottage
D:5:      layout_layer_cave, minmay_overflow_temple_star_quad, serial_shops,
          nicolae_shop_statue_plus, minmay_manual_monstrance
D:6:      layout_basic, kennysheep_little_box, kennysheep_mini, minivault_1
D:7:      layout_gridville, corexii_item_surrounded_by_moat, uniq_joseph
D:8:      layout_gridville, lemuel_mausoleum_altar_kikubaaqudgha, special_room
          [special_room_kobold]
D:9:      layout_loops_ring, dpeg_oklobed_lair, kennysheep_opposing_triangles,
          uniq_gastronok, uniq_maggie
D:10:     layout_basic, uniq_grum
D:11:     kennysheep_windowed_halls, layout_loops_cross,
          minmay_orc_entry_temple_small, kennysheep_generic_room_10
Temple:   minmay_temple_curvy_branch

Skill      XL: |  1  2  3  4  5  6  7  8  9 10 11 |
---------------+----------------------------------+-----
Transmutations | 2 3 4 5 6 8 9 |  9.4
Dodging        | 2 3 4 5 6 |  6.7
Unarmed Combat | 3 4 5 6 7 8 9 |  9.5
Fighting       | 2 3 4 5 6 7 |  7.0
Spellcasting   | 3 4 5 6 |  6.6
Poison Magic   | 2 |  2.0
Ice Magic      | 1 4 |  4.0

Action                   |  1- 3 |  4- 6 |  7- 9 | 10-12 || total
-------------------------+-------+-------+-------+-------++-------
Melee: Unarmed           |   149 |   122 |   418 |   352 ||  1041
       Headbutt          |    22 |    14 |    18 |    44 ||    98
       Punch             |     1 |       |     2 |     5 ||     8
       Kick              |    15 |    17 |     8 |       ||    40
 Cast: Beastly Appendage |    24 |    18 |     4 |       ||    46
       Spider Form       |       |     8 |    28 |       ||    36
       Ice Form          |       |       |    13 |    15 ||    28
       Blade Hands       |       |       |     1 |    31 ||    32
Invok: Sacrifice Drink   |       |       |     1 |       ||     1
       Sacrifice Artific |       |       |       |     1 ||     1
       Reject Sacrifices |       |       |       |     1 ||     1
  Use: Scroll            |     4 |     4 |       |     8 ||    16
       Potion            |     2 |       |       |     1 ||     3
 Stab: Sleeping          |     2 |       |       |     2 ||     4
       Distracted        |       |       |       |     2 ||     2
Armor: Robe              |    19 |    27 |    30 |    64 ||   140
       Skin              |       |     2 |    48 |    43 ||    93
Dodge: Dodged            |    93 |    84 |   319 |   214 ||   710
Block: Other             |    21 |    23 |    85 |    65 ||   194

Table legend: (Time is in decaauts)
 A = Elapsed time spent in this place.
 B = Non-inter-level travel time spent in this place.
 C = Inter-level travel time spent in this place.
 D = Time resting spent in this place.
 E = Time spent auto-exploring this place.
 F = Levels seen in this place.
 G = Mean time per level.
                   A        B        C        D        E       F      G
               +--------+--------+--------+--------+--------+-----+--------+
         Total |  15712 |  15248 |    464 |   1842 |  11019 |  12 | 1309.3 |
       Dungeon |  15462 |  15003 |    459 |   1842 |  10774 |  11 | 1405.6 |
        Temple |    249 |    245 |      4 |      0 |    245 |   1 |  249.0 |
               +--------+--------+--------+--------+--------+-----+--------+

Top non-repeatable levels by time:
     D:8: 2516 daAuts
     D:7: 2032 daAuts
     D:1: 2022 daAuts
     D:5: 2008 daAuts
     D:4: 1679 daAuts
     D:9: 1526 daAuts
     D:2: 1278 daAuts
    D:10: 862 daAuts
     D:3: 845 daAuts
     D:6: 624 daAuts
  Temple: 249 daAuts
    D:11: 65 daAuts
